 Dungeon Crawl Stone Soup version 0.19-a0-905-ge5e6a15 (webtiles) character file.

170 Lessnames the Slasher (level 5, 0/42 HPs)
             Began as a Demigod Fighter on July 5, 2016.
             Slain by an orc
             ... wielding a +0 club
              (2 damage)
             ... on level 3 of the Dungeon.
             The game lasted 00:03:04 (2045 turns).

Lessnames the Slasher (Demigod Fighter)             Turns: 2045, Time: 00:03:04

Health: 0/42       AC:  6    Str: 21    XL:     5   Next: 5%
Magic:  7/7        EV:  7    Int: 12    God:
Gold:   23         SH:  9    Dex: 15    Spells: 0 memorised, 4 levels left

rFire  . . .     SeeInvis .     a - +0 long sword
rCold  . . .     Gourm    .     b - +0 scale mail
rNeg   . . .     Faith    .     c - +0 shield
rPois  .         Spirit   .     (no helmet)
rElec  .         Dismiss  .     (no cloak)
rCorr  .         Reflect  .     (no gloves)
SustAt +         Harm     .     (no boots)
MR     .....                    (no amulet)
Stlth  +.........               (no ring)
                                m - ring of stealth

@: not resistant to hostile enchantments, very unstealthy
A: high mp 1, sustain attributes
a: no special abilities


You were on level 3 of the Dungeon.
You were not hungry.

You visited 1 branch of the dungeon, and saw 3 of its levels.

You collected 23 gold pieces.

Inventory:

Hand Weapons
 a - a +0 long sword (weapon)
Armour
 b - a +0 scale mail (worn)
 c - a +0 shield (worn)
Jewellery
 m - a ring of stealth (left hand)
Scrolls
 g - 2 scrolls of fear {unknown}
 i - 3 scrolls of identify {unknown}
 j - a scroll of enchant weapon {unknown}
 k - a scroll of remove curse {unknown}
Potions
 d - a potion of might
 e - a potion of haste {unknown}
 l - a potion of mutation {unknown}
 n - a potion of agility {unknown}
 p - a potion of magic {unknown}
Comestibles
 f - 2 bread rations
 h - 3 beef jerkies
 o - 7 chunks of flesh


   Skills:
 * Level 2.6 Fighting
 + Level 5.0 Long Blades
 - Level 2.6 Armour
 - Level 2.6 Shields


You had 4 spell levels left.
You didn't know any spells.

Dungeon Overview and Level Annotations

Branches:
Dungeon (3/15)


Innate Abilities, Weirdness & Mutations

You have an increased reservoir of magic. (+10% MP)
Your attributes are resistant to harm.


Message History

You are too injured to fight recklessly!
You are too injured to fight recklessly!
You are too injured to fight recklessly!
You are too injured to fight recklessly!
You are too injured to fight recklessly!
You are too injured to fight recklessly!
You are too injured to fight recklessly!
You are too injured to fight recklessly!
You are too injured to fight recklessly!
You are too injured to fight recklessly!
You barely miss the orc priest.
The orc priest is heavily wounded.
The orc priest hits you with a mace.
* * * LOW HITPOINT WARNING * * *
You closely miss the orc priest.
The orc priest is heavily wounded.
You hit the orc priest but do no damage.
The orc priest is heavily wounded.
You block the orc priest's attack. The orc hits you with a club.
You die...

#.# #.#### #.# #.#..
#.#
#####.#.############.#
...#.#.#...........)#
......... .......>..
#.#.#.#.# #######.##
..#####.#o#.#.######
#.#
........o@.........#
#.#
.#####.#.#.#.####.#
#.# # #.#)#.#.# #.#
#.# #...#####.#.#...#
#.####.#
#...oo....#.#####
##......##
#...o.....#..
.............#
#.........###
######.......#
#.........# #.......#
..........# #.......#


You could see an orc priest and an orc.

Vanquished Creatures
  4 adders (D:2)
  5 gnolls
  A shadow imp (D:3)
  A worm (D:2)
  3 dart slugs
  A giant gecko (D:2)
  2 orcs (D:3)
  4 giant cockroaches
  10 hobgoblins
  8 jackals
  5 kobolds
  A ball python (D:2)
  10 bats
  A giant newt (D:2)
  3 goblins
  8 rats
67 creatures vanquished.

Notes
Turn   | Place    | Note
-------+----------+-------------------------------------------
     0 | D:1      | Lessnames the Demigod Fighter began the quest for the Orb.
     0 | D:1      | Reached XP level 1. HP: 18/18 MP: 3/3
   117 | D:1      | Reached skill level 2 in Long Blades
   223 | D:1      | Reached XP level 2. HP: 15/25 MP: 4/4
   432 | D:1      | Reached skill level 3 in Long Blades
   616 | D:1      | Reached XP level 3. HP: 27/30 MP: 5/5
  1221 | D:2      | Reached skill level 4 in Long Blades
  1275 | D:2      | Reached XP level 4. HP: 31/37 MP: 6/6
  1738 | D:2      | Found a snail-covered altar of Cheibriados.
  1878 | D:3      | Reached skill level 5 in Long Blades
  1878 | D:3      | Reached XP level 5. HP: 26/42 MP: 7/7
  2041 | D:3      | HP: 2/42 [orc priest/divine providence (12)]
  2045 | D:3      | Slain by an orc

Vault maps used:
D:1:      dpeg_arrival_concentric_ovals
D:2:      kennysheep_big_flooded_room, kennysheep_slug_shrine
D:3:      old_standard_altar, gammafunk_pakellas_cloud_experiment,
          okawaru_ov_weapons_minmay, lemuel_statue_altar, uniq_natasha,
          uniq_iyjb

Skill      XL: |  1  2  3  4 |
---------------+-------------+-----
Long Blades    | 2 3 4 5 |  5.0
Fighting       | |  2.6
Armour         | |  2.6
Shields        | |  2.6

Action                   |  1- 3 |  4- 6 || total
-------------------------+-------+-------++-------
Melee: Long sword        |   154 |   102 ||   256
  Eat: Chunk             |     2 |     2 ||     4
Armor: Scale mail        |    67 |    31 ||    98
Dodge: Dodged            |    54 |    27 ||    81
Block: Shield            |    87 |    50 ||   137
